 Dungeon Crawl Stone Soup version 0.31-a0-968-g24f9ace8b5 (webtiles) character file.

Game seed: 14411969160771719140

413 sammy202020 the Trooper (level 6, -4/40 HPs)
             Began as a Gargoyle Berserker on Oct 28, 2023.
             Was a Priest of Trog.
             Killed by nerve-wracking pain
             ... invoked by a shadow imp
              (6 damage)
             ... on level 4 of the Dungeon.
             The game lasted 00:05:35 (3124 turns).

sammy202020 the Trooper (Gargoyle Berserker)        Turns: 3124, Time: 00:05:36

Health: -4/40      AC: 10    Str: 21    XL:     6   Next: 90%
Magic:  6/6        EV: 12    Int:  9    God:    Trog [***...]
Gold:   238        SH:  0    Dex:  9    Spells: 5/5 levels left

rFire   . . .        o - +0 flail
rCold   . . .        (no shield)
rNeg    + . .        c - +0 leather armour
rPois   ∞            k - +0 helmet
rElec   +            g - scarf {repulsion}
rCorr   .            (no gloves)
SInv    .            n - +0 pair of boots
Will    .....        (no amulet)
Stlth   +            (no ring)
HPRegen 0.26/turn    (no ring)
MPRegen 0.10/turn

%: repel missiles
@: on berserk cooldown, slowed, very slow
A: sickness immunity, AC +4, negative energy resistance 1, electricity
resistance, torment resistance 1, petrification resistance
a: Renounce Religion, Berserk, Trog's Hand


You were on level 4 of the Dungeon.
You worshipped Trog.
Trog was most pleased with you.
You visited 1 branch of the dungeon, and saw 4 of its levels.

You collected 238 gold pieces.

Inventory:

Hand Weapons
 a - a +0 mace
 o - a +0 flail (weapon)
Armour
 c - a +0 leather armour (worn)
 g - a scarf of repulsion (worn)
 k - a +0 helmet (worn)
 n - a +0 pair of boots (worn)
 r - a +0 ring mail
Jewellery
 p - an amulet of guardian spirit
Scrolls
 e - a scroll of fog {unknown}
 h - a scroll of enchant weapon {unknown}
 l - a scroll of noise {unknown}
 m - a scroll of teleportation
Potions
 b - a potion of heal wounds {unknown}
 d - a potion of curing
 f - 2 potions of resistance {unknown}
 i - 5 potions of might {unknown}
 j - a potion of haste {unknown}
 q - a potion of brilliance {unknown}


   Skills:
 + Level 5.0 Fighting
 + Level 4.5 Maces & Flails
 + Level 4.2 Armour
 + Level 3.1 Dodging


You had 5 spell levels left.
You didn't know any spells.
Your spell library was empty.

Dungeon Overview and Level Annotations

Branches:
Dungeon (4/15)
 Temple: D:4-7

Altars:
Zin
The Shining One


Innate Abilities, Weirdness & Mutations

You are immune to sickness and miasma.
Your stone body is resilient. (AC +4)
You are immune to poison.
You resist negative energy. (rN+)
You are resistant to electric shocks. (rElec)
You are resistant to unholy torment.
You are immune to petrification.


Message History

The grasping roots constrict you. The adder closely misses you.
The grasping roots release their grip on you.
You closely miss the adder.
The adder is almost dead.
The hobgoblin hits you but does no damage.
The adder barely misses you. x2; The hobgoblin hits you.
You hit the adder.
You kill the adder!
Trog accepts your kill.
The hobgoblin zaps a wand.
The roots erupt in riotous growth!
The grasping roots grab you!
The hobgoblin is unaffected.
The grasping roots constrict you. The shadow imp gestures at you.
You barely resist. The hobgoblin closely misses you.
The grasping roots constrict you.
A gnoll comes into view. It is wielding a +0 whip.
A gnoll comes into view. It is wielding a +0 flail.
Your Fighting skill increases to level 5!
You closely miss the hobgoblin. The hobgoblin barely misses you.
The grasping roots constrict you.
The gnoll throws a throwing net.
The throwing net closely misses you. The shadow imp gestures at you.
Pain shoots through your body!
* * * LOW HITPOINT WARNING * * *
The hobgoblin hits you but does no damage.
The grasping roots constrict you.
* * * LOW HITPOINT WARNING * * *
The grasping roots release their grip on you.
You sock the hobgoblin!
You kill the hobgoblin!
Trog accepts your kill. The shadow imp barely misses you.
You see here a wand of roots (5).
The shadow imp hits you but does no damage.
The gnoll hits you with a +0 flail.
* * * LOW HITPOINT WARNING * * *
A gnoll comes into view. It is wielding a +0 club.
The shadow imp gestures at you. Pain shoots through your body!
You die...

....... ..#
#...........#.#..#
#................
#...<........... .
........... ..###..
..........##.##...
........[.#.....#
..........@.#.# .
........)g/5..#....
........)).(†......
........g)#####....
...g...).)# ...
............ .
......##...(.#
...... ...##...
.........## .###


You could see 3 gnolls and a shadow imp.

Vanquished Creatures
  Grinder (D:3)
  An ogre (D:4)
  A crimson imp (D:3)
  2 adders
  3 worms (D:2)
  5 orcs
  4 bats
  8 endoplasms
  3 giant cockroaches
  10 goblins
  9 hobgoblins
  7 kobolds
  3 quokkas
  5 ball pythons
  3 frilled lizards
  3 goblin zombies (D:3)
  A hobgoblin zombie (D:3)
  A kobold skeleton (D:3)
  A kobold zombie (D:3)
  3 orc skeletons (D:3)
  An orc zombie (D:3)
  11 rats
86 creatures vanquished.

Vanquished Creatures (others)
  An orc (D:4)
1 creature vanquished.

Grand Total: 87 creatures vanquished

Notes
Turn   | Place    | Note
-------+----------+-------------------------------------------
     0 | D:1      | sammy202020 the Gargoyle Berserker began the quest for the
                  | Orb.
     0 | D:1      | Reached XP level 1. HP: 14/14 MP: 1/1
   246 | D:1      | Reached XP level 2. HP: 10/19 MP: 2/2
   821 | D:1      | Reached XP level 3. HP: 21/23 MP: 3/3
  1230 | D:2      | Found a glowing silver altar of Zin.
  1338 | D:2      | Reached ** piety under Trog
  1461 | D:2      | Reached XP level 4. HP: 25/29 MP: 4/4
  2273 | D:3      | Reached skill level 4 in Fighting
  2282 | D:3      | Found a glowing golden altar of the Shining One.
  2298 | D:3      | Reached XP level 5. HP: 27/33 MP: 5/5
  2391 | D:3      | Reached *** piety under Trog
  2622 | D:3      | Noticed Grinder
  2632 | D:3      | Killed Grinder
  2633 | D:3      | Reached XP level 6. HP: 13/39 MP: 6/6
  2896 | D:3      | Found a faded altar of an unknown god.
  3121 | D:4      | Reached skill level 5 in Fighting
  3124 | D:4      | HP: 2/40 [gnoll/+0 flail (4)]
  3124 | D:4      | Killed from afar by a shadow imp

Illustrated notes

Levels and vault maps discovered:
D:1:      ebering_hopf_link, layout_loops_ring, serial_rivers,
          chequers_serial_rivers_large_b, chequers_serial_rivers_room_b,
          chequers_serial_rivers_room_b, chequers_serial_rivers_micro_b
D:2:      layout_loops_ring, basic_altar, dreamdust_princess_bridge
D:3:      layout_basic, nicolae_tso_besieged_by_evil,
          shapermc_ecumenical_altar_ellora, kennysheep_generic_room_9,
          uniq_grinder
D:4:      layout_rooms, nicolae_qazlal_eye_of_the_storm,
          cheibrodos_sewer_entry_drain, minmay_misc_feat_tiny

Skill      XL: |  1  2  3  4  5  6 |
---------------+-------------------+-----
Dodging        | 2 3 |  3.1
Armour         | 3 4 |  4.2
Fighting       | 4 5 |  5.0
Maces & Flails | 4 |  4.5

Action                     |  1- 3 |  4- 6 || total
---------------------------+-------+-------++-------
  Melee: Mace              |   132 |    40 ||   172
         Flail             |       |   111 ||   111
         Punch             |       |     1 ||     1
 Invoke: Berserk           |       |     1 ||     1
    Use: Scroll            |     1 |       ||     1
         Potion            |       |     1 ||     1
   Stab: Sleeping          |     1 |       ||     1
 Armour: Animal skin       |    59 |     2 ||    61
         Leather armour    |       |   127 ||   127
  Dodge: Dodged            |    84 |   138 ||   222
         Repelled          |       |     1 ||     1

Table legend: (Time is in decaauts)
 A = Elapsed time spent in this place.
 B = Non-inter-level travel time spent in this place.
 C = Inter-level travel time spent in this place.
 D = Time resting spent in this place.
 E = Time spent auto-exploring this place.
 F = Levels seen in this place.
 G = Mean time per level.
                   A        B        C        D        E       F      G
               +--------+--------+--------+--------+--------+-----+--------+
         Total |   3223 |   3223 |      0 |    251 |   2169 |   4 |  805.8 |
       Dungeon |   3223 |   3223 |      0 |    251 |   2169 |   4 |  805.8 |
               +--------+--------+--------+--------+--------+-----+--------+

Top non-repeatable levels by time:
     D:1: 1256 daAuts
     D:3: 1161 daAuts
     D:2: 739 daAuts
     D:4: 66 daAuts
